 Dungeon Crawl Stone Soup version 0.27.1 (webtiles) character file.

Game seed: 90904745033051464

1874 ZARRMARR the Ducker (level 9, -4/71 HPs)
             Began as a Human Monk on Aug 28, 2021.
             Was a Believer of Okawaru.
             Slain by Harold (15 damage)
             ... on level 7 of the Dungeon.
             The game lasted 00:39:31 (9113 turns).

ZARRMARR the Ducker (Human Monk)                    Turns: 9113, Time: 00:39:32

Health: -4/71      AC:  5    Str: 13    XL:     9   Next: 36%
Magic:  14/16      EV: 19    Int: 12    God:    Okawaru [**....]
Gold:   342        SH:  0    Dex: 16    Spells: 16/17 levels left

rFire    . . .     SeeInvis .   w - +2 trident (vorpal)
rCold    . . .     Faith    .   (no shield)
rNeg     . . .     Spirit   .   b - +0 robe
rPois    +         Reflect  .   (no helmet)
rElec    .         Harm     .   A - scarf {repulsion}
rCorr    .         Rampage  .   (no gloves)
Will     +....                  r - +2 pair of boots
Stlth    ++++......             (no amulet)
HPRegen  0.21/turn              c - ring of willpower
MPRegen  0.15/turn              i - ring of poison resistance

@: heroic, marked, studying Spellcasting, repel missiles
A: no striking features
a: Renounce Religion, Heroism


You were on level 7 of the Dungeon.
You worshipped Okawaru.
Okawaru was pleased with you.
You visited 2 branches of the dungeon, and saw 8 of its levels.

You collected 342 gold pieces.

Inventory:

Hand Weapons
 f - a +4 dagger
 o - a +2 whip of venom
 w - a +2 vorpal trident (weapon)
Missiles
 g - 3 boomerangs
 n - 21 poisoned darts (quivered)
 t - 6 atropa-tipped darts
Armour
 b - a +0 robe (worn)
 r - a +2 pair of boots (worn)
 A - a scarf of repulsion (worn)
Jewellery
 c - a ring of willpower (left hand)
 h - a ring of willpower
 i - a ring of poison resistance (right hand)
 v - a ring of fire
Wands
 y - a wand of flame (15)
Scrolls
 l - a scroll of holy word
 p - 2 scrolls of amnesia
 q - a scroll of blinking {unknown}
 u - a scroll of enchant armour {unknown}
Potions
 a - 3 potions of brilliance
 j - a potion of magic {unknown}
 k - 2 potions of curing
 m - a potion of mutation
 x - a potion of ambrosia {unknown}
 z - a potion of degeneration {unknown}


   Skills:
 + Level 6.7(11.7) Fighting
 - Level 3.0(8.0) Maces & Flails
 + Level 3.2(8.2) Polearms
 + Level 7.2(12.2) Dodging
 - Level 2.0(7.0) Stealth
 * Level 4.6 Spellcasting
 * Level 3.5 Conjurations
 * Level 1.1 Air Magic
 * Level 1.2 Poison Magic
 * Level 2.6 Invocations


You had 16 spell levels left.
You knew the following spells:

 Your Spells              Type           Power      Damage    Failure   Level
a - Magic Dart            Conj           44%        1d5       4%          1

Your spell library contained the following spells:

 Spells                   Type           Power      Damage    Failure   Level
 Mephitic Cloud           Conj/Pois/Air  7%         N/A       28%         3
 Call Imp                 Summ           2%         N/A       30%         2


Dungeon Overview and Level Annotations

Branches:
Dungeon (7/15)             Temple (1/1) D:5

Altars:
Ashenzari
Cheibriados
Elyvilon
Fedhas
Gozag
Hepliaklqana
Makhleb
Okawaru
Qazlal
Ru
Sif Muna
Trog
Wu Jian
Xom
Yredelemnul
Zin
The Shining One

Shops:
D:2 *   D:5 (

Annotations:
D:7 Harold, Pikel


Message History

You barely miss Harold.
Harold is heavily wounded.
Harold casts a spell at you.
You barely resist. You puncture Harold!
Harold is severely wounded.
Harold looks more healthy.
You hit Harold.
Harold is severely wounded.
Harold hits you with a +0 war axe!
* * * LOW HITPOINT WARNING * * *
As you read the scroll of fear, it crumbles to dust.
You assume a fearsome visage.
Harold looks frightened!
As you read the scroll of fear, it crumbles to dust.
You assume a fearsome visage.
The two-headed ogre looks frightened!
The two-headed ogre starts to cry.
You feel like a meek peon again.
A centaur zombie comes into view.
Found a scroll of identify.
You puncture the centaur zombie!
The centaur zombie is moderately damaged.
The centaur zombie closely misses you.
The centaur zombie kicks you but does no damage.
You puncture the centaur zombie!
The centaur zombie is heavily damaged.
The centaur zombie hits you but does no damage.
The centaur zombie barely misses you. The centaur zombie closely misses you.
The centaur zombie kicks you but does no damage.
You hit the centaur zombie.
The centaur zombie is severely damaged.
The centaur zombie barely misses you. The centaur zombie closely misses you.
Unknown command.
You gain the combat prowess of a mighty hero.
The centaur zombie closely misses you. The centaur zombie misses you.
You closely miss Harold.
Harold is severely wounded.
The centaur zombie misses you. The centaur zombie kicks you.
* * * LOW HITPOINT WARNING * * *
Harold hits you with a +0 war axe!
You die...

####.#######@######
.......O....(O....
#######..#####@.#....#
................+ ..+
.#.....#.###.## #
#.##.##.# #.#
#.##.###.# #@#......#
#@######## #..Z.#
#?#### # g.........
...$..(.


You could see Harold and a centaur zombie.

Vanquished Creatures
  The ghost of Cheops the Grasshopper, an amateur GnWr (D:4)
  2 sky beasts
  An ogre (D:4)
  2 centaurs
  2 phantoms (D:6)
  A kobold brigand (D:3)
  A lemure (D:7)
  A scorpion (D:6)
  5 killer bees
  4 wights (D:6)
  2 bullfrog skeletons (D:4)
  2 hounds
  2 jellies
  A gnoll shaman (D:4)
  An orc priest (D:4)
  2 centaur skeletons
  2 iguanas (D:5)
  A hound skeleton (D:2)
  5 gnolls
  5 adders
  A howler monkey skeleton (D:7)
  A shadow imp (D:6)
  2 white imps (D:5)
  4 worms
  3 dart slugs
  8 orcs
  6 endoplasms
  5 giant cockroaches
  10 goblins
  6 hobgoblins
  4 jackals (D:1)
  5 quokkas
  2 ball pythons
  3 bats
  5 frilled lizards
  7 kobolds
  6 rats (D:1)
121 creatures vanquished.

Notes
Turn   | Place    | Note
-------+----------+-------------------------------------------
     0 | D:1      | ZARRMARR the Human Monk began the quest for the Orb.
     0 | D:1      | Reached XP level 1. HP: 18/18 MP: 1/1
   229 | D:1      | Reached XP level 2. HP: 22/24 MP: 2/2
   874 | D:1      | Reached XP level 3. HP: 29/29 MP: 3/3
  1303 | D:2      | Reached XP level 4. HP: 22/37 MP: 4/4
  1521 | D:2      | Reached skill level 4 in Dodging
  1839 | D:2      | Found a faded altar of an unknown god.
  1881 | D:2      | Identified a scroll of acquirement
  1882 | D:2      | Acquired a manual of Spellcasting
  1945 | D:2      | Found Jiseh's General Store.
  2398 | D:3      | Noticed a kobold brigand
  2415 | D:3      | Killed a kobold brigand
  2416 | D:3      | Reached XP level 5. HP: 14/43 MP: 5/5
  3156 | D:3      | Found a glowing silver altar of Zin.
  3159 | D:3      | Found a bloodstained altar of Trog.
  3172 | D:3      | Found an ornate altar of the Wu Jian Council.
  3281 | D:3      | Reached XP level 6. HP: 49/49 MP: 6/6
  3491 | D:3      | Reached skill level 5 in Dodging
  3816 | D:4      | Noticed an ogre
  3835 | D:4      | Killed an ogre
  3836 | D:4      | Reached skill level 5 in Fighting
  4716 | D:5      | Entered Level 5 of the Dungeon
  4943 | D:4      | Reached XP level 7. HP: 55/56 MP: 8/8
  5012 | D:4      | Found a runed translucent gate.
  5012 | D:4      | Found a runed translucent gate.
  5012 | D:4      | Found a runed translucent gate.
  5017 | D:4      | Noticed Cheops's ghost (amateur GnWr)
  5387 | D:5      | Reached skill level 1 in Spellcasting
  5442 | D:4      | Reached skill level 1 in Conjurations
  5732 | D:5      | Found Efreihoh's Antique Weapon Shop.
  5757 | D:5      | Found a glowing golden altar of the Shining One.
  5772 | D:5      | Reached skill level 6 in Dodging
  5841 | D:5      | Found a staircase to the Ecumenical Temple.
  5849 | Temple   | Entered the Ecumenical Temple
  5877 | Temple   | Became a worshipper of Warmaster Okawaru
  5877 | Temple   | Reached * piety under Okawaru
  5877 | Temple   | Reached ** piety under Okawaru
  5981 | D:5      | Reached XP level 8. HP: 60/64 MP: 11/11
  6943 | D:4      | HP: 3/64 [Cheops's ghost (8)]
  6945 | D:4      | Killed Cheops's ghost
  6946 | D:4      | Reached skill level 1 in Invocations
  7442 | D:5      | Learned a level 1 spell: Magic Dart
  7524 | D:6      | Reached skill level 1 in Polearms
  7524 | D:6      | Reached skill level 7 in Dodging
  7790 | D:6      | Reached XP level 9. HP: 30/71 MP: 12/15
  8884 | D:7      | Reached skill level 1 in Air Magic
  8884 | D:7      | Reached skill level 1 in Poison Magic
  8957 | D:7      | Noticed Pikel
  8968 | D:7      | Noticed Harold
  8968 | D:7      | Noticed a two-headed ogre
  9113 | D:7      | Slain by Harold

Illustrated notes

Levels and vault maps discovered:
D:1:      ebering_trefoil_twist, layout_basic
D:2:      layout_basic, hellmonk_ecumenical_altar_crossroads, serial_shops,
          nicolae_diamond_shop
D:3:      kennysheep_big_flooded_room, layout_loops_ring, minitemple,
          serial_bayou_pond_d, grunt_ministairs_11
D:4:      layout_layer_cave, gammafunk_ghost_necromancy, dk_noncrumbling_4,
          grunt_ministairs_9, dk_rats_in_the_wall
D:5:      layout_loops_ring, mainiacjoe_overflow_24_doors,
          minmay_temple_entry_mist, serial_shops, shop
D:6:      layout_loops_corners, kennysheep_generic_room_12
D:7:      layout_basic, minmay_misc_feat_x, uniq_maggie, uniq_pikel,
          uniq_crazy_yiuf_cottage, uniq_harold
Temple:   cyrus_circular_temple

Skill      XL: |  1  2  3  4  5  6  7  8  9 |
---------------+----------------------------+-----
Dodging        | 4 5 6 7 |  7.2
Fighting       | 4 5 6 |  6.7
Spellcasting   | 2 4 |  4.6
Conjurations   | 1 3 |  3.5
Invocations    | 2 |  2.6
Polearms       | 1 3 |  3.2
Air Magic      | 1 |  1.1
Poison Magic   | 1 |  1.2
Maces & Flails | |  3.0
Stealth        | |  2.0

Action                   |  1- 3 |  4- 6 |  7- 9 || total
-------------------------+-------+-------+-------++-------
Melee: Mace              |    87 |     6 |       ||    93
       Dagger            |       |   127 |       ||   127
       Whip              |       |    21 |   109 ||   130
       Trident           |       |       |   170 ||   170
Throw: Stone             |    60 |    70 |       ||   130
       Dart              |       |    62 |    27 ||    89
       Boomerang         |       |     4 |    20 ||    24
Invok: Heroism           |       |       |     8 ||     8
  Use: Scroll            |     2 |    10 |     6 ||    18
       Potion            |       |     1 |       ||     1
 Stab: Sleeping          |       |     3 |     4 ||     7
Armor: Robe              |    14 |    16 |    61 ||    91
Dodge: Dodged            |    64 |    84 |   213 ||   361
